[Event "FIDE WCCC Girls-10 2024"]
[Site "Montesilvano"]
[Date "2024.11.18"]
[Round "4.19"]
[White "Li, Wan Qin"]
[Black "Yi, Ruiyu"]
[Result "0-1"]
[Annotator "NA RC"]
[ECO "D02"]
[WhiteElo "1628"]
[BlackElo "1571"]
[PlyCount "142"]
[EventDate "2024.11.18"]
[EventType "swiss"]
[EventCountry "ITA"]
[SourceTitle "playchess.com"]
[Source "ChessBase"]
[SourceQuality "1"]
[TimeControl "5400+30"]

1. Nf3 d5 2. g3 c5 3. Bg2 Nf6 4. O-O Nc6 5. d4 Bf5 6. Bf4 e6 7. h3 h6 8. Na3 cxd4 9. Nb5 Rc8 10. Nfxd4 Nxd4 11. Qxd4 Bc5 12. Qd2 a6 13. Nd4 Bxd4 14. Qxd4 Bxc2 15. Rac1 O-O 16. Qb4 b5 17. Bd6 Re8 18. Bc5 Bg6 19. Be7 Qb6 20. Bxf6 gxf6 21. Qf4 Kg7 22. h4 e5 23. Qg4 Qe6 24. Qb4 Red8 25. g4 Rc4 26. Rxc4 dxc4 27. h5 Bh7 28. f3 Qb6+ 29. Rf2 Qe3 30. Bf1 Rd2 31. a4 Bd3 32. Qa3 b4 33. Qxb4 Bxe2 34. Qc3 Rd3 35. Qxc4 Bxf1 36. Kxf1 Rd6 37. Qc2 Rd4 38. a5 Qd3+ 39. Re2 Qxf3+ 40. Ke1 Qh1+ 41. Kf2 Rf4+ 42. Ke3 Qg1+ 43. Kd2 Rd4+ 44. Qd3 Rxd3+ 45. Kxd3 Qd1+ 46. Rd2 Qxg4 47. Kc3 e4 48. Kd4 Qd7+ 49. Ke3 Qe6 50. Rg2+ Kh7 51. Rd2 f5 52. Rd4 Qb3+ 53. Kf4 Qf3+ 54. Ke5 e3 55. Rd7 Qg3+ 56. Kd4 e2 57. Rxf7+ Qg7+ 58. Rxg7+ Kxg7 59. Ke5 e1=Q+ 60. Kxf5 Qxa5+ 61. Ke4 Qxh5 62. Kd4 Qg4+ 63. Kc5 h5 64. Kb6 Qe6+ 65. Ka5 h4 66. b4 h3 67. b5 axb5 68. Kxb5 h2 69. Kc5 h1=Q 70. Kd4 Qd1+ 71. Kc3 Qeb3# 0-1

[Event "FIDE WCCC Girls-10 2024"]
[Site "Montesilvano"]
[Date "2024.11.18"]
[Round "4.20"]
[White "Khusnitdinova, Husnorakhon"]
[Black "Wang, Mi Ya Mia"]
[Result "1-0"]
[Annotator "NA RC"]
[ECO "B33"]
[WhiteElo "1626"]
[BlackElo "1552"]
[PlyCount "81"]
[EventDate "2024.11.18"]
[EventType "swiss"]
[EventCountry "ITA"]
[SourceTitle "playchess.com"]
[Source "ChessBase"]
[SourceQuality "1"]
[TimeControl "5400+30"]

1. e4 c5 2. Nf3 Nc6 3. d4 cxd4 4. Nxd4 e5 5. Nb5 d6 6. N1c3 a6 7. Na3 b5 8. Nd5 Nf6 9. Bg5 Be7 10. Bxf6 Bxf6 11. c4 b4 12. Nc2 a5 13. g3 Be7 14. Bg2 Be6 15. O-O O-O 16. Qd3 Bxd5 17. exd5 Na7 18. Ne3 Rc8 19. Rac1 Bg5 20. Bh3 Rc5 21. Rc2 Bxe3 22. fxe3 Qg5 23. Rcf2 Rc7 24. Rf5 Qg6 25. Bg2 Nc8 26. Be4 Qh6 27. Qe2 g6 28. Rf6 Qg5 29. b3 Rd7 30. Bg2 Qh6 31. Qf2 Nb6 32. h4 Qg7 33. Bh3 Rdd8 34. e4 Na8 35. Qa7 g5 36. Rxf7 Rxf7 37. Rxf7 Qg6 38. Be6 Kh8 39. Bf5 Qh5 40. Rxh7+ Kg8 41. Qg7# 1-0

[Event "FIDE WCCC Girls-10 2024"]
[Site "Montesilvano"]
[Date "2024.11.18"]
[Round "4.21"]
[White "Ahmadli, Mehriban"]
[Black "Isakhanyan, Nare"]
[Result "1-0"]
[Annotator "NA RC"]
[ECO "C18"]
[WhiteElo "1624"]
[BlackElo "1540"]
[PlyCount "65"]
[EventDate "2024.11.18"]
[EventType "swiss"]
[EventCountry "ITA"]
[SourceTitle "playchess.com"]
[Source "ChessBase"]
[SourceQuality "1"]
[TimeControl "5400+30"]

1. e4 e6 2. d4 d5 3. Nc3 Bb4 4. e5 c5 5. a3 Bxc3+ 6. bxc3 Ne7 7. Qg4 Qc7 8. Qxg7 Rg8 9. Qxh7 Nbc6 10. Qd3 cxd4 11. cxd4 Nxe5 12. Qd2 Bd7 13. Bb2 Nc4 14. Bxc4 dxc4 15. O-O-O Rxg2 16. Nf3 O-O-O 17. Ne5 Nd5 18. Bc3 Bc6 19. h4 Nxc3 20. Qxc3 Rxf2 21. Rhf1 Rh2 22. Rxf7 Qd6 23. Qa5 Be4 24. Rd2 Rxd2 25. Qxd2 Qxd4 26. Qxd4 Rxd4 27. h5 Bf5 28. Ng6 Rg4 29. Ne7+ Kb8 30. Nxf5 exf5 31. h6 Rg8 32. h7 Rh8 33. Rg7 1-0

[Event "FIDE WCCC Girls-10 2024"]
[Site "Montesilvano"]
[Date "2024.11.18"]
[Round "4.22"]
[White "Pham, Nhu Y"]
[Black "Bjerregaard Hagen, Frida"]
[Result "1/2-1/2"]
[Annotator "RC"]
[ECO "D59"]
[WhiteElo "1914"]
[BlackElo "1815"]
[PlyCount "74"]
[EventDate "2024.11.18"]
[EventType "swiss"]
[EventCountry "ITA"]
[SourceTitle "playchess.com"]
[Source "ChessBase"]
[SourceQuality "1"]
[TimeControl "5400+30"]

1. d4 d5 2. c4 e6 3. Nf3 Nf6 4. Nc3 Be7 5. Bg5 h6 6. Bh4 O-O 7. e3 b6 8. cxd5 Nxd5 9. Bxe7 Nxe7 10. Bd3 Bb7 11. O-O Nd7 12. e4 c5 13. Bb5 cxd4 14. Qxd4 Nf6 15. Qe3 Nc6 16. Rfd1 Qe7 17. Bxc6 Bxc6 18. Nd4 Bb7 19. Rac1 Rac8 20. e5 Nd5 21. Nxd5 Bxd5 22. Nf5 exf5 23. Rxd5 Rfd8 24. Rxc8 Rxc8 25. Qd2 Qb4 26. h3 Qxd2 27. Rxd2 Kf8 28. Rd7 Rc2 29. Rxa7 Rxb2 30. a4 Ra2 31. Ra6 Rb2 32. a5 bxa5 33. Rxa5 Ke7 34. f4 Rb4 35. g3 Rb2 36. Ra6 Kd7 37. Rd6+ Ke7 1/2-1/2

[Event "FIDE WCCC Girls-10 2024"]
[Site "Montesilvano"]
[Date "2024.11.18"]
[Round "4.23"]
[White "Ivanova, Darina"]
[Black "Tran Hoang Bao An"]
[Result "0-1"]
[Annotator "NA RC"]
[ECO "B41"]
[WhiteElo "1516"]
[BlackElo "1714"]
[PlyCount "96"]
[EventDate "2024.11.18"]
[EventType "swiss"]
[EventCountry "ITA"]
[SourceTitle "playchess.com"]
[Source "ChessBase"]
[SourceQuality "1"]
[TimeControl "5400+30"]

1. e4 c5 2. Nf3 e6 3. d4 cxd4 4. Nxd4 a6 5. a4 Nf6 6. Nc3 Bb4 7. Bd3 d6 8. O-O O-O 9. Bg5 Nbd7 10. Bc4 Re8 11. Na2 Bc5 12. b4 Ba7 13. Rb1 Qc7 14. Bxf6 Qxc4 15. Bxg7 Kxg7 16. Qg4+ Kf8 17. Nb3 Nf6 18. Qf4 Nxe4 19. Nd2 Nxd2 20. Qxd6+ Kg7 21. Qxd2 Qxa2 22. Qg5+ Kf8 23. Qh6+ Ke7 24. Qg5+ Kd6 25. Qf4+ e5 26. Rfd1+ Kc7 27. Qg3 Qc4 28. Rb3 Kb8 29. b5 Bf5 30. bxa6 Qxa6 31. Re1 Qa5 32. c3 Qc5 33. Rb5 Qxf2+ 34. Qxf2 Bxf2+ 35. Kxf2 f6 36. a5 Ra6 37. h3 Rc8 38. g4 Bd7 39. Rd5 Be6 40. Rd3 Rxa5 41. Rd6 Ra6 42. Red1 Rxc3 43. Rxa6 bxa6 44. Rd6 Bc4 45. Rxf6 Rxh3 46. Rf5 e4 47. Re5 Bd3 48. Re8+ Kc7 0-1

[Event "FIDE WCCC Girls-10 2024"]
[Site "Montesilvano"]
[Date "2024.11.18"]
[Round "4.24"]
[White "Tu, Tiffany"]
[Black "Aragonda, Sahasra"]
[Result "1-0"]
[Annotator "NA RC"]
[ECO "B36"]
[WhiteElo "1687"]
[BlackElo "1526"]
[PlyCount "115"]
[EventDate "2024.11.18"]
[EventType "swiss"]
[EventCountry "ITA"]
[SourceTitle "playchess.com"]
[Source "ChessBase"]
[SourceQuality "1"]
[TimeControl "5400+30"]

1. e4 c5 2. Nf3 g6 3. d4 cxd4 4. Nxd4 Nc6 5. c4 Nf6 6. Nc3 Nxd4 7. Qxd4 d6 8. Be2 Bg7 9. O-O O-O 10. Qd3 Be6 11. f3 Rc8 12. b3 a6 13. Be3 Nd7 14. Rac1 Ne5 15. Qd2 Qd7 16. Na4 Rc6 17. Nc3 Rcc8 18. Rfd1 Qc7 19. Kh1 Qb8 20. Qe1 Nc6 21. Qg3 Qc7 22. f4 Kh8 23. Nd5 Qd8 24. Bb6 Qd7 25. e5 Bxd5 26. Rxd5 Nb4 27. Rd2 Qc6 28. Be3 dxe5 29. a3 exf4 30. Bxf4 Qe4 31. axb4 e5 32. Be3 f5 33. Qf3 Qxf3 34. Bxf3 e4 35. Be2 f4 36. Bc5 Rf7 37. Rcd1 h5 38. Rd8+ Rxd8 39. Rxd8+ Kh7 40. Re8 e3 41. h3 Rd7 42. Kg1 Rd2 43. Kf1 Rb2 44. Rd8 Rxb3 45. Rd3 Rb1+ 46. Rd1 Rb3 47. Bd6 g5 48. g3 Bh6 49. gxf4 gxf4 50. Rd4 Rb1+ 51. Kg2 Re1 52. Kf3 Rh1 53. Bxf4 Rxh3+ 54. Kg2 Rh4 55. Bd3+ Kg8 56. Bxe3 Rxd4 57. Bxd4 Kf7 58. Be4 1-0

[Event "FIDE WCCC Girls-10 2024"]
[Site "Montesilvano"]
[Date "2024.11.18"]
[Round "4.25"]
[White "Stoica, Melina-Theodora"]
[Black "Abibulla, Inzhu"]
[Result "1-0"]
[Annotator "NA RC"]
[ECO "D38"]
[WhiteElo "1675"]
[BlackElo "1499"]
[PlyCount "93"]
[EventDate "2024.11.18"]
[EventType "swiss"]
[EventCountry "ITA"]
[SourceTitle "playchess.com"]
[Source "ChessBase"]
[SourceQuality "1"]
[TimeControl "5400+30"]

1. d4 d5 2. Nf3 e6 3. c4 Bb4+ 4. Nc3 Nf6 5. Bg5 O-O 6. e3 Nbd7 7. Bd3 dxc4 8. Bxc4 a6 9. O-O b5 10. Bd3 h6 11. Bh4 Bb7 12. a3 Bxc3 13. bxc3 c5 14. Ne5 Qc7 15. Nxd7 Nxd7 16. Qg4 c4 17. Bc2 Qc6 18. e4 f5 19. Qg6 fxe4 20. f3 e5 21. Qxc6 Bxc6 22. fxe4 exd4 23. cxd4 a5 24. d5 Bb7 25. Be7 Rxf1+ 26. Rxf1 Re8 27. Bd6 Nf6 28. Rb1 Ba6 29. Bc7 a4 30. d6 Nd7 31. Kf2 Kf7 32. Ke3 Ke6 33. Kd4 Rf8 34. Bd1 Ne5 35. Kc5 g6 36. Kb6 Ra8 37. Bf3 Nd7+ 38. Kc6 h5 39. Re1 Ne5+ 40. Kb6 Nd3 41. Rd1 Nb2 42. e5 Nxd1 43. Bxa8 Nf2 44. Bd5+ Kd7 45. e6+ Ke8 46. d7+ Ke7 47. d8=Q# 1-0

[Event "FIDE WCCC Girls-10 2024"]
[Site "Montesilvano"]
[Date "2024.11.18"]
[Round "4.26"]
[White "Trzcinska, Weronika"]
[Black "Blakhina Viktoryia"]
[Result "0-1"]
[Annotator "NA RC"]
[ECO "C40"]
[WhiteElo "1653"]
[BlackElo "1436"]
[PlyCount "154"]
[EventDate "2024.11.18"]
[EventType "swiss"]
[EventCountry "ITA"]
[SourceTitle "playchess.com"]
[Source "ChessBase"]
[SourceQuality "1"]
[TimeControl "5400+30"]

1. e4 e5 2. Nf3 d5 3. exd5 e4 4. Bb5+ c6 5. dxc6 bxc6 6. Qe2 Qe7 7. Nd4 cxb5 8. Nxb5 Nf6 9. Qc4 Be6 10. Qa4 Nc6 11. Nd4 Bd7 12. Nxc6 Qd6 13. Nc3 Bxc6 14. Qc4 Be7 15. Nb5 Qd7 16. Nd4 Bd5 17. Qb5 Qxb5 18. Nxb5 Kd7 19. Nc3 Rhc8 20. Nxd5 Nxd5 21. c3 Nf4 22. g3 Nd3+ 23. Ke2 Bc5 24. f3 f5 25. b4 Bb6 26. Ba3 a6 27. fxe4 fxe4 28. Rhf1 Ne5 29. Rf4 Rc4 30. Raf1 Rd8 31. Bc1 Ke6 32. Rf8 Nf3 33. Rxd8 Bxd8 34. Rf2 Bb6 35. Rg2 Ne5 36. a4 Nd3 37. a5 Bxa5 38. bxa5 Nxc1+ 39. Kd1 Nb3 40. Kc2 Nxa5 41. Rg1 Ra4 42. Rb1 Ra2+ 43. Kc1 Nc4 44. Rb8 Rxd2 45. Ra8 Ra2 46. h3 e3 47. Kd1 Ke5 48. Rc8 Nb2+ 49. Ke2 Nc4+ 50. Kd3 Nd6 51. Rc5+ Ke6 52. Kxe3 Ra4 53. Rc7 Nf5+ 54. Kf3 Kf6 55. g4 Ne7 56. c4 Ra3+ 57. Kg2 Ng6 58. Rc6+ Kg5 59. Rc5+ Kf6 60. Rf5+ Ke6 61. c5 Nh4+ 62. Kf2 Nxf5 63. gxf5+ Kxf5 64. c6 Rc3 65. c7 Rxc7 66. h4 Rc3 67. h5 a5 68. h6 gxh6 69. Ke2 a4 70. Kd2 Rb3 71. Kc2 h5 72. Kd2 h4 73. Ke2 a3 74. Kf2 a2 75. Ke2 a1=Q 76. Kf2 Qa2+ 77. Kg1 Rb1# 0-1

[Event "FIDE WCCC Girls-10 2024"]
[Site "Montesilvano"]
[Date "2024.11.18"]
[Round "4.27"]
[White "Kuvandikova, Nafisa"]
[Black "Camacho Chavez, Nirvana"]
[Result "1-0"]
[Annotator "NA RC"]
[ECO "B17"]
[WhiteElo "1512"]
[BlackElo "1638"]
[PlyCount "137"]
[EventDate "2024.11.18"]
[EventType "swiss"]
[EventCountry "ITA"]
[SourceTitle "playchess.com"]
[Source "ChessBase"]
[SourceQuality "1"]
[TimeControl "5400+30"]

1. e4 c6 2. d4 d5 3. Nc3 dxe4 4. Nxe4 Nd7 5. Ng5 Ngf6 6. Bd3 e6 7. c3 Bd6 8. Ne2 h6 9. Nf3 Qc7 10. Qc2 Nb6 11. Bd2 Nbd5 12. h3 b6 13. g4 h5 14. g5 Nd7 15. h4 Bb7 16. O-O-O Nf4 17. Nxf4 Bxf4 18. Rde1 c5 19. Be4 Bxd2+ 20. Qxd2 Rd8 21. Qe3 cxd4 22. Nxd4 Nc5 23. Bxb7 Qxb7 24. f4 Qd5 25. f5 Qxa2 26. fxe6 Nxe6 27. Nxe6 fxe6 28. Qxe6+ Qxe6 29. Rxe6+ Kd7 30. Rg6 Rhg8 31. Kc2 Kc7 32. Rf1 Rd7 33. Re6 Rgd8 34. Rfe1 Kc8 35. Re7 Rd2+ 36. Kb3 R2d7 37. Kb4 Kb8 38. b3 Kc7 39. c4 Kb8 40. R1e4 g6 41. Kb5 Rd3 42. b4 R3d6 43. c5 a6+ 44. Ka4 b5+ 45. Ka5 Rc6 46. R7e6 Rdc8 47. Rxc6 Rxc6 48. Rd4 Kc7 49. Rd6 Rxd6 50. cxd6+ Kxd6 51. Kxa6 Ke5 52. Kxb5 Kf4 53. Kc6 Kg3 54. b5 Kxh4 55. b6 Kxg5 56. b7 h4 57. b8=Q Kg4 58. Qh2 g5 59. Kd5 Kf3 60. Kd4 g4 61. Qxh4 g3 62. Qh3 Kf2 63. Ke4 g2 64. Qh2 Kf1 65. Qf4+ Kg1 66. Kf3 Kh1 67. Qh4+ Kg1 68. Qf2+ Kh1 69. Qxg2# 1-0

[Event "FIDE WCCC Girls-10 2024"]
[Site "Montesilvano"]
[Date "2024.11.18"]
[Round "4.28"]
[White "Zhang, Weiai"]
[Black "Afandi, Sadagul"]
[Result "1-0"]
[Annotator "NA RC"]
[ECO "B01"]
[WhiteElo "1488"]
[BlackElo "1625"]
[PlyCount "145"]
[EventDate "2024.11.18"]
[EventType "swiss"]
[EventCountry "ITA"]
[SourceTitle "playchess.com"]
[Source "ChessBase"]
[SourceQuality "1"]
[TimeControl "5400+30"]

1. e4 d5 2. exd5 Nf6 3. d4 Nxd5 4. c4 Nf6 5. Nc3 e6 6. Nf3 Be7 7. Be2 O-O 8. O-O Nbd7 9. Bf4 c5 10. Nb5 Qb6 11. d5 Bd8 12. a4 a5 13. d6 Re8 14. Ne5 Nb8 15. Bf3 Bd7 16. Re1 Bxb5 17. cxb5 Nbd7 18. Nc4 Qa7 19. Qd3 Nb6 20. d7 Re7 21. Bd6 Nxc4 22. Bxe7 Bxe7 23. Qxc4 Rd8 24. Rad1 Rxd7 25. Rxd7 Nxd7 26. Qe4 b6 27. Rd1 Nf6 28. Qc6 g6 29. Qa8+ Qxa8 30. Bxa8 Kg7 31. b3 h6 32. f3 g5 33. Kf2 h5 34. Ke2 Kg6 35. g3 Kf5 36. Ke3 Kg6 37. Be4+ Nxe4 38. Kxe4 Kf6 39. Rd7 h4 40. gxh4 gxh4 41. h3 c4 42. bxc4 Bc5 43. Rc7 Be7 44. Rc6 Bd8 45. c5 bxc5 46. Rxc5 Ke7 47. Rh5 Kd6 48. Kf4 f5 49. Rh6 Kd7 50. Ke5 Bc7+ 51. Kf6 Bd8+ 52. Kf7 e5 53. Rh5 f4 54. Rxe5 Bc7 55. Re7+ Kd6 56. Rxc7 Kxc7 57. Ke7 Kb6 58. Kd6 Kb7 59. Kc5 Kc7 60. b6+ Kb7 61. Kb5 Kb8 62. Kxa5 Kb7 63. Kb5 Kb8 64. Kc6 Ka8 65. b7+ Kb8 66. a5 Ka7 67. Kc7 Ka6 68. b8=Q Kxa5 69. Kc6 Ka4 70. Kc5 Ka3 71. Kc4 Ka2 72. Kc3 Ka1 73. Qb2# 1-0

[Event "FIDE WCCC Girls-10 2024"]
[Site "Montesilvano"]
[Date "2024.11.18"]
[Round "4.30"]
[White "Minzat, Victoria"]
[Black "Nguyen, Lam Vy Le"]
[Result "1-0"]
[Annotator "NA RC"]
[ECO "C50"]
[WhiteElo "1505"]
[BlackElo "1728"]
[PlyCount "137"]
[EventDate "2024.11.18"]
[EventType "swiss"]
[EventCountry "ITA"]
[SourceTitle "playchess.com"]
[Source "ChessBase"]
[SourceQuality "1"]
[TimeControl "5400+30"]

1. e4 e5 2. Nf3 Nc6 3. Bc4 Nf6 4. d3 Bc5 5. O-O a6 6. a3 d6 7. h3 O-O 8. Be3 Ba7 9. Re1 Ne7 10. Nc3 Ng6 11. Qd2 c6 12. Bg5 Be6 13. Ba2 h6 14. Be3 Nh5 15. Ne2 Qf6 16. Ng3 Nxg3 17. fxg3 Bxh3 18. Bxa7 Rxa7 19. Qf2 Bxg2 20. Qxa7 Bxf3 21. Qe3 Bg4 22. Rf1 Qe7 23. Rf2 Kh7 24. Raf1 f6 25. Rh2 f5 26. exf5 Bxf5 27. Rhf2 Be6 28. Rxf8 Nxf8 29. Rxf8 Qxf8 30. Bxe6 Qf6 31. Bh3 d5 32. Qf2 Qd6 33. Qf5+ Kg8 34. Qe6+ Qxe6 35. Bxe6+ Kf8 36. Bc8 b6 37. Bb7 Ke7 38. Bxc6 Kd6 39. Be8 Kc5 40. Bg6 b5 41. c3 a5 42. b4+ Kb6 43. Kf2 axb4 44. cxb4 Kc6 45. Ke3 Kd7 46. Bf7 Kc6 47. Be8+ Kb6 48. Kf3 g5 49. Kg4 e4 50. dxe4 dxe4 51. Bg6 e3 52. Kf3 e2 53. Kxe2 Kc6 54. Kd3 Kb6 55. Kd4 Kc6 56. Be8+ Kb6 57. Ke5 Kc7 58. Bxb5 h5 59. Bf1 h4 60. gxh4 gxh4 61. a4 Kc6 62. a5 Kb7 63. b5 Ka7 64. b6+ Kb7 65. Kd6 Kb8 66. a6 h3 67. Bxh3 Ka8 68. Bg2+ Kb8 69. a7+ 1-0

[Event "FIDE WCCC Girls-10 2024"]
[Site "Montesilvano"]
[Date "2024.11.18"]
[Round "4.31"]
[White "Kiss, Villo"]
[Black "Mandukhai, Munkhbat"]
[Result "0-1"]
[Annotator "NA RC"]
[ECO "E08"]
[WhiteElo "1492"]
[BlackElo "1645"]
[PlyCount "58"]
[EventDate "2024.11.18"]
[EventType "swiss"]
[EventCountry "ITA"]
[SourceTitle "playchess.com"]
[Source "ChessBase"]
[SourceQuality "1"]
[TimeControl "5400+30"]

1. Nf3 d5 2. d4 Nf6 3. g3 e6 4. Bg2 Be7 5. O-O O-O 6. c4 c6 7. b3 b6 8. Bb2 Bb7 9. Nc3 Nbd7 10. Qc2 c5 11. Rfd1 Rc8 12. Rac1 Qc7 13. Nh4 cxd4 14. Nb5 Qb8 15. Nxd4 Ba6 16. Qd3 dxc4 17. bxc4 Ne5 18. Qb3 Bxc4 19. Qa4 b5 20. Qa6 Bc5 21. f4 Ned7 22. Kh1 Bxd4 23. Bxd4 Nc5 24. Bxc5 Rxc5 25. e4 Rfc8 26. e5 Nd5 27. Bxd5 Bxd5+ 28. Kg1 Rxc1 29. Rxc1 Rxc1+ 0-1

[Event "FIDE WCCC Girls-10 2024"]
[Site "Montesilvano"]
[Date "2024.11.18"]
[Round "4.32"]
[White "Sun, Yucan(Sd)"]
[Black "Lisboa, Maria Eduarda Mazzar"]
[Result "1-0"]
[Annotator "NA RC"]
[ECO "C11"]
[WhiteElo "1725"]
[BlackElo "1490"]
[PlyCount "65"]
[EventDate "2024.11.18"]
[EventType "swiss"]
[EventCountry "ITA"]
[SourceTitle "playchess.com"]
[Source "ChessBase"]
[SourceQuality "1"]
[TimeControl "5400+30"]

1. e4 e6 2. d4 d5 3. Nc3 Nf6 4. e5 Nfd7 5. Nce2 c5 6. c3 Nc6 7. f4 a6 8. Nf3 cxd4 9. cxd4 Be7 10. g3 O-O 11. Bh3 Nb6 12. O-O Bd7 13. a3 Rc8 14. Qd3 g6 15. Kh1 Kh8 16. g4 Rg8 17. f5 exf5 18. gxf5 gxf5 19. Bxf5 Bxf5 20. Qxf5 f6 21. Bh6 Rg6 22. Qh3 Qd7 23. e6 Qd6 24. Nf4 Rgg8 25. Nh4 Rg5 26. Bxg5 fxg5 27. Nhg6+ Kg8 28. Nxe7+ Nxe7 29. Nh5 h6 30. Nf6+ Kg7 31. Nh5+ Kg8 32. Rf7 Kh8 33. Nf6 1-0

[Event "FIDE WCCC Girls-10 2024"]
[Site "Montesilvano"]
[Date "2024.11.18"]
[Round "4.33"]
[White "Babii, Oriiana"]
[Black "Shtepa, Liubov"]
[Result "0-1"]
[Annotator "NA RC"]
[ECO "C44"]
[WhiteElo "1481"]
[BlackElo "1615"]
[PlyCount "90"]
[EventDate "2024.11.18"]
[EventType "swiss"]
[EventCountry "ITA"]
[SourceTitle "playchess.com"]
[Source "ChessBase"]
[SourceQuality "1"]
[TimeControl "5400+30"]

1. e4 e5 2. Nf3 Nc6 3. d4 exd4 4. Bc4 Bb4+ 5. c3 dxc3 6. O-O Nf6 7. a3 Be7 8. Nxc3 d6 9. Qb3 O-O 10. Ng5 Qe8 11. Nb5 Na5 12. Qc3 Nxc4 13. Nxc7 Qc6 14. Nxa8 h6 15. b3 hxg5 16. Qxc4 Qxc4 17. bxc4 Bd8 18. Bxg5 b6 19. Rfd1 Bb7 20. Bxf6 Bxf6 21. Rac1 Bxa8 22. Rxd6 Bb2 23. Rcd1 Bxa3 24. Rd8 Bxe4 25. Rxf8+ Kxf8 26. Ra1 Bc5 27. Rxa7 Bd3 28. Ra8+ Ke7 29. g3 Bxc4 30. Ra7+ Kf6 31. Rc7 Be6 32. Kg2 Be7 33. Rc6 b5 34. Rb6 b4 35. Kf3 b3 36. h4 Ba3 37. g4 b2 38. g5+ Kg6 39. Ke2 Kh5 40. g6 fxg6 41. Kf3 Bf5 42. Rb8 g5 43. Rh8+ Kg6 44. h5+ Kf7 45. h6 b1=Q 0-1

[Event "FIDE WCCC Girls-10 2024"]
[Site "Montesilvano"]
[Date "2024.11.18"]
[Round "4.34"]
[White "Gastaldo, Agathe"]
[Black "Pambieri, Nicole"]
[Result "0-1"]
[Annotator "NA RC"]
[ECO "C45"]
[WhiteElo "1589"]
[BlackElo "1482"]
[PlyCount "64"]
[EventDate "2024.11.18"]
[EventType "swiss"]
[EventCountry "ITA"]
[SourceTitle "playchess.com"]
[Source "ChessBase"]
[SourceQuality "1"]
[TimeControl "5400+30"]

1. e4 e5 2. Nf3 Nc6 3. d4 exd4 4. Nxd4 Bc5 5. Nxc6 bxc6 6. Nc3 d6 7. Bd3 Be6 8. O-O Ne7 9. Re1 O-O 10. Be3 Bxe3 11. Rxe3 Rb8 12. Rb1 Ng6 13. Bf1 d5 14. exd5 cxd5 15. Rd3 c6 16. Ne2 Ne5 17. Rg3 Nc4 18. b3 Na3 19. Rb2 Qf6 20. Qd4 Qxd4 21. Nxd4 c5 22. Nc6 Rb6 23. Ne5 Re8 24. f4 c4 25. b4 Nb5 26. a4 Nd6 27. a5 Ra6 28. c3 Rb8 29. Be2 Rxa5 30. Nc6 Ra1+ 31. Kf2 Rb6 32. Nd4 Ne4+ 0-1

[Event "FIDE WCCC Girls-10 2024"]
[Site "Montesilvano"]
[Date "2024.11.18"]
[Round "4.35"]
[White "Kravchuk, Daria"]
[Black "Vitsiuk, Aleksandra"]
[Result "1-0"]
[Annotator "NA RC"]
[ECO "C47"]
[WhiteElo "1569"]
[BlackElo "1476"]
[PlyCount "81"]
[EventDate "2024.11.18"]
[EventType "swiss"]
[EventCountry "ITA"]
[SourceTitle "playchess.com"]
[Source "ChessBase"]
[SourceQuality "1"]
[TimeControl "5400+30"]

1. e4 e5 2. Nf3 Nc6 3. Nc3 Nf6 4. a3 d5 5. Bb5 Bg4 6. exd5 Nxd5 7. h3 Nxc3 8. bxc3 Bxf3 9. Qxf3 Qd7 10. d4 exd4 11. cxd4 a6 12. Bxc6 bxc6 13. Be3 Be7 14. O-O O-O 15. Qe2 Rfe8 16. Qd3 Bf6 17. Rab1 Qd6 18. Rfd1 a5 19. a4 Re6 20. Rb3 Bh4 21. Rdb1 Rf8 22. Rb8 Be7 23. c4 Qd7 24. Rxf8+ Bxf8 25. Bd2 Rd6 26. Bc3 c5 27. d5 c6 28. Be5 Rg6 29. d6 h6 30. Rb8 Re6 31. Bg3 Re1+ 32. Kh2 Ra1 33. Qe4 Qa7 34. Qe8 Kh7 35. Qxf8 Rxa4 36. Re8 Ra1 37. Rb8 Ra4 38. Re8 Qb6 39. Qxf7 Qb1 40. Re7 Qb2 41. Be5 1-0

[Event "FIDE WCCC Girls-10 2024"]
[Site "Montesilvano"]
[Date "2024.11.18"]
[Round "4.37"]
[White "Minasyan, Arina"]
[Black "Mamarasulova, Yasmina"]
[Result "0-1"]
[Annotator "NA RC"]
[ECO "E12"]
[WhiteElo "1545"]
[BlackElo "1444"]
[PlyCount "106"]
[EventDate "2024.11.18"]
[EventType "swiss"]
[EventCountry "ITA"]
[SourceTitle "playchess.com"]
[Source "ChessBase"]
[SourceQuality "1"]
[TimeControl "5400+30"]

1. d4 Nf6 2. c4 e6 3. Nf3 b6 4. a3 Bb7 5. Nc3 Be7 6. e3 d6 7. Bd3 O-O 8. O-O Nbd7 9. b4 c5 10. d5 cxb4 11. axb4 e5 12. e4 a5 13. bxa5 bxa5 14. Rb1 Ba6 15. Ba3 Rc8 16. Nb5 Nc5 17. Qe2 Bxb5 18. Rxb5 Nxd3 19. Qxd3 Qc7 20. c5 dxc5 21. Rc1 c4 22. Qe3 Bxa3 23. Qxa3 Nxe4 24. Re1 Nd6 25. Rxa5 e4 26. Nd4 c3 27. Nc6 Nc4 28. Qb4 Nxa5 29. Ne7+ Kh8 30. Nxc8 Rxc8 31. Qxe4 Qd7 32. Qc2 Qxd5 33. Qxc3 Qd8 34. Qe3 h6 35. Qe4 Nc6 36. h3 Qd4 37. Qf5 Rf8 38. Rc1 Ne5 39. Rc8 Rxc8 40. Qxc8+ Kh7 41. Qf5+ g6 42. Qf6 Qa1+ 43. Kh2 Ng4+ 44. hxg4 Qxf6 45. g5 Qxg5 46. f4 Qxf4+ 47. g3 Qf2+ 48. Kh3 f5 49. g4 Qf3+ 50. Kh2 Qxg4 51. Kh1 f4 52. Kh2 f3 53. Kh1 Qg2# 0-1

[Event "FIDE WCCC Girls-10 2024"]
[Site "Montesilvano"]
[Date "2024.11.18"]
[Round "4.38"]
[White "Mence, Jasmina"]
[Black "Muradli, Sabira"]
[Result "0-1"]
[Annotator "NA RC"]
[ECO "C54"]
[WhiteElo "1542"]
[BlackElo "1430"]
[PlyCount "74"]
[EventDate "2024.11.18"]
[EventType "swiss"]
[EventCountry "ITA"]
[SourceTitle "playchess.com"]
[Source "ChessBase"]
[SourceQuality "1"]
[TimeControl "5400+30"]

1. e4 e5 2. Nf3 Nc6 3. d4 exd4 4. Bc4 Bc5 5. c3 Nf6 6. e5 Ng4 7. cxd4 Bb4+ 8. Bd2 Bxd2+ 9. Nbxd2 O-O 10. Qe2 d6 11. O-O dxe5 12. h3 Nf6 13. dxe5 Re8 14. Qe3 Nd5 15. Qe4 Be6 16. Bd3 g6 17. Bb5 Bf5 18. Qc4 Nb6 19. Qc3 Nd5 20. Qc4 Re6 21. Bxc6 Rxc6 22. Qb3 Bc2 23. Qa3 Nf4 24. Qe3 Nd3 25. Qh6 Qf8 26. Qxf8+ Rxf8 27. Nd4 Rb6 28. b3 Nb4 29. a3 Bd3 30. Rfc1 Nd5 31. Rc5 Rd8 32. Nc4 Bxc4 33. bxc4 Nf4 34. Rd1 Rxd4 35. Rxd4 Ne2+ 36. Kf1 Nxd4 37. Rd5 Rb1# 0-1

[Event "FIDE WCCC Girls-10 2024"]
[Site "Montesilvano"]
[Date "2024.11.18"]
[Round "4.40"]
[White "Kovacikova, Simona"]
[Black "Ritinioti, Sofia"]
[Result "0-1"]
[Annotator "NA RC"]
[ECO "B08"]
[WhiteElo "1412"]
[BlackElo "1534"]
[PlyCount "110"]
[EventDate "2024.11.18"]
[EventType "swiss"]
[EventCountry "ITA"]
[SourceTitle "playchess.com"]
[Source "ChessBase"]
[SourceQuality "1"]
[TimeControl "5400+30"]

1. e4 d6 2. d4 Nf6 3. Nc3 g6 4. Nf3 Bg7 5. Be3 O-O 6. Qd2 c6 7. Bh6 b5 8. Bd3 Qa5 9. Bxg7 Kxg7 10. h4 h5 11. Ng5 Nbd7 12. f3 Nb6 13. b3 Bd7 14. g4 hxg4 15. fxg4 Bxg4 16. a3 Rab8 17. b4 Qa6 18. Be2 Bh5 19. Bxh5 Nxh5 20. Nh3 Nc4 21. Qc1 Rbc8 22. Rh2 Qb6 23. Ne2 a5 24. Nhf4 Nxf4 25. Qxf4 Rh8 26. c3 axb4 27. axb4 c5 28. bxc5 dxc5 29. e5 cxd4 30. cxd4 Rh7 31. Qg4 Qe6 32. Qxe6 fxe6 33. Rb1 Rb8 34. Nc3 b4 35. Na2 b3 36. Nc1 Na5 37. Kd2 Rb4 38. Kd3 b2 39. Rbxb2 Rxb2 40. Rxb2 Rxh4 41. Rb5 Nc6 42. Nb3 Rh3+ 43. Kc4 Rxb3 44. Rxb3 Na5+ 45. Kc3 Nxb3 46. Kxb3 Kh6 47. Kc3 Kg5 48. Kd3 Kf4 49. d5 Kxe5 50. dxe6 g5 51. Ke3 Kxe6 52. Ke4 Kf6 53. Kf3 Kf5 54. Kg3 e5 55. Kf3 e4+ 0-1

[Event "FIDE WCCC Girls-10 2024"]
[Site "Montesilvano"]
[Date "2024.11.18"]
[Round "4.44"]
[White "Giss, Annika"]
[Black "Khelfallah, Ikhlas"]
[Result "0-1"]
[Annotator "NA RC"]
[ECO "C55"]
[WhiteElo "1586"]
[BlackElo "1449"]
[PlyCount "58"]
[EventDate "2024.11.18"]
[EventType "swiss"]
[EventCountry "ITA"]
[SourceTitle "playchess.com"]
[Source "ChessBase"]
[SourceQuality "1"]
[TimeControl "5400+30"]

1. e4 e5 2. Nf3 Nc6 3. Bc4 Nf6 4. d3 h6 5. O-O Be7 6. c3 O-O 7. Be3 a6 8. h3 d6 9. Nbd2 Na5 10. Bb3 Nxb3 11. Qxb3 b6 12. Rfd1 Bb7 13. Nf1 Re8 14. Ng3 Bf8 15. Nf5 Qd7 16. Rab1 Nxe4 17. N5h4 Nf6 18. a4 Qe6 19. Qxe6 Rxe6 20. Rbc1 Ree8 21. d4 e4 22. Nd2 Bc8 23. Re1 g5 24. Nxe4 Rxe4 25. Nf3 Bb7 26. Nd2 Re6 27. c4 Rae8 28. d5 R6e7 29. Nf3 Bc8 0-1